 Dungeon Crawl Stone Soup version 0.29-a0-878-g7b45a56547 (webtiles) character file.

Game seed: 815553893240074973

28 porpoise the Insei (level 3, 0/27 HPs)
             Began as a Merfolk Transmuter on July 20, 2022.
             Slain by an adder (3 damage)
             ... on level 2 of the Dungeon.
             The game lasted 00:04:40 (1186 turns).

porpoise the Insei (Merfolk Transmuter)             Turns: 1186, Time: 00:04:40

Health: 0/27       AC:  2    Str: 12    XL:     3   Next: 14%
Magic:  6/6        EV: 12    Int: 12    God:
Gold:   60         SH:  0    Dex: 14    Spells: 0/6 levels left

rFire   . . .      SeeInvis .     - Unarmed
rCold   . . .      Faith    .   (no shield)
rNeg    . . .      Spirit   .   e - +0 robe
rPois   .          Reflect  .   (helmet currently unavailable)
rElec   .          Harm     .   (no cloak)
rCorr   .          Rampage  .   (no gloves)
Will    .....                   (boots currently unavailable)
Stlth   +.........              (no amulet)
HPRegen 0.09/turn               c - ring of flight
MPRegen 0.10/turn               (no ring)

@: lethally poisoned (0 -> -7), appendages (expiring), flying
A: horns 2, (nimble swimmer 2), mertail
a: End Transformation


You were on level 2 of the Dungeon.
You had temporarily grown beastly horns.
You visited 1 branch of the dungeon, and saw 2 of its levels.

You collected 60 gold pieces.

Inventory:

Hand Weapons
 a - a +3 mace
Armour
 e - a +0 robe (worn)
Jewellery
 c - a ring of flight (left hand)
 f - a ring of wizardry
Scrolls
 d - a scroll of teleportation {unknown}
 g - a scroll of summoning {unknown}
 i - a scroll of identify {unknown}
Potions
 b - a potion of lignification
 h - a potion of curing {unknown}


   Skills:
 + Level 1.7 Fighting
 - Level 2.6 Dodging
 * Level 4.0 Unarmed Combat
 - Level 2.0 Spellcasting
 + Level 3.3 Transmutations


You couldn't memorise any spells.
You knew the following spells:

 Your Spells              Type           Power      Damage    Failure   Level
a - Beastly Appendage     Tmut           18%        N/A       7%          1
r - Frozen Ramparts       Ice            2%         1d2       63%         3
w - Wereblood             Tmut           9%         N/A       11%         2

Your spell library contained the following spells:

 Spells                   Type           Power      Damage    Failure   Level
 Static Discharge         Conj/Air       1%         3-4/arc   38%         2
 Spider Form              Tmut/Pois      5%         N/A       38%         3
 Gell's Gravitas          Tloc           1%         N/A       63%         3
 Lesser Beckoning         Tloc           1%         N/A       63%         3
 Teleport Other           Tloc           1%         N/A       63%         3
 Ice Form                 Ice/Tmut       5%         N/A       80%         4
 Summon Ice Beast         Ice/Summ       1%         N/A       95%         4
 Lightning Bolt           Conj/Air       0%         1d11      100%        5
 Dispersal                Tloc           0%         N/A       100%        6
 Maxwell's Capacitive Co  Air            0%         ∞         100%        8


Dungeon Overview and Level Annotations

Branches:
Dungeon (2/15)

Altars:

Shops:
D:1 [


Innate Abilities, Weirdness & Mutations

You have temporarily grown beastly horns.
((You are very nimble when in or above water. (Stealth+, EV+, Speed+++)))
Your lower body shifts to a powerful aquatic tail in water.


Message History

An adder comes into view.
The adder hisses angrily.
Casting: Beastly Appendage (safe; 7% risk of failure)
Confirm with . or Enter, or press ? or * to list all spells.
You grow a pair of large bovine horns.
The adder barely misses you.
You miss the adder. The adder completely misses you.
You closely miss the adder. The adder bites you.
You are poisoned.
The adder poisons you!
You closely miss the adder.
Your transformation is almost over.
You feel sick. The adder bites you but does no damage.
You closely miss the adder. Your headbutt misses the adder.
You feel sick. The adder closely misses you.
You miss the adder. Your headbutt misses the adder.
You feel sick. The adder bites you.
You are more poisoned.
The adder poisons you!
You barely miss the adder.
You feel sick. The adder bites you. The adder misses you.
You miss the adder.
You feel sick. The adder barely misses you.
You closely miss the adder.
You feel sick. The adder misses you.
You closely miss the adder.
You feel sick. The adder barely misses you.
You hit the adder. You headbutt the adder. Your punch misses the adder.
The adder is heavily wounded.
You feel sick. The adder bites you.
* * * LOW HITPOINT WARNING * * *
You are lethally poisoned!
The adder poisons you!
You hit the adder but do no damage.
The adder is heavily wounded.
* * * LOW HITPOINT WARNING * * *
You feel sick. The adder bites you but does no damage.
The adder barely misses you.
You hit the adder. Your punch misses the adder.
The adder is almost dead.
* * * LOW HITPOINT WARNING * * *
You feel sick. The adder bites you.
You die...

#.# #.#.#
###.##...##
#.# #.#.#
#.#.....#
#.# #.#.#
#.......#
...
###.....#
##....#
#...#.#
#.....#
#..####
#.@# #.S#
#..# #[.#
#..# #..#
#..# ...#


You could see an adder.

Vanquished Creatures
  An adder (D:2)
  A worm (D:1)
  3 bats
  2 giant cockroaches
  3 goblins (D:1)
  A hobgoblin (D:1)
  A quokka (D:1)
  A ball python (D:1)
  4 rats
17 creatures vanquished.

Notes
Turn   | Place    | Note
-------+----------+-------------------------------------------
     0 | D:1      | porpoise the Merfolk Transmuter began the quest for the
                  | Orb.
     0 | D:1      | Reached XP level 1. HP: 15/15 MP: 3/3
   232 | D:1      | Found Isisukech's Armour Emporium.
   383 | D:1      | Reached XP level 2. HP: 21/21 MP: 5/5
   392 | D:1      | Learned a level 2 spell: Wereblood
  1104 | D:2      | Reached skill level 4 in Unarmed Combat
  1104 | D:2      | Reached XP level 3. HP: 24/27 MP: 4/6
  1135 | D:2      | Learned a level 3 spell: Frozen Ramparts
  1186 | D:2      | Slain by an adder

Illustrated notes

Levels and vault maps discovered:
D:1:      heliophobic_arrival_battle_scene, layout_loops_ring, serial_shops,
          nicolae_shop_statue_plus
D:2:      layout_loops_ring, serial_shops, nicolae_shop_hallway_stairs, shop,
          shop, chequers_ecumenical_altar_island, uniq_sigmund, uniq_jessica,
          uniq_terence

Skill      XL: |  1  2 |
---------------+-------+-----
Transmutations | 3 |  3.3
Unarmed Combat | 4 |  4.0
Fighting       | |  1.7
Dodging        | |  2.6
Spellcasting   | |  2.0

Action                   || total
-------------------------++-------
Melee: Unarmed           ||    51
       Mace              ||    28
       Headbutt          ||     3
 Cast: Beastly Appendage ||     5
 Stab: Sleeping          ||     1
Armor: Robe              ||    14
Dodge: Dodged            ||    63

Table legend: (Time is in decaauts)
 A = Elapsed time spent in this place.
 B = Non-inter-level travel time spent in this place.
 C = Inter-level travel time spent in this place.
 D = Time resting spent in this place.
 E = Time spent auto-exploring this place.
 F = Levels seen in this place.
 G = Mean time per level.
                   A        B        C        D        E       F      G
               +--------+--------+--------+--------+--------+-----+--------+
         Total |   1191 |   1137 |     54 |    277 |    634 |   2 |  595.5 |
       Dungeon |   1191 |   1137 |     54 |    277 |    634 |   2 |  595.5 |
               +--------+--------+--------+--------+--------+-----+--------+

Top non-repeatable levels by time:
     D:1: 1008 daAuts
     D:2: 182 daAuts
